AoeStats
← zack

Arena

505805338Analyzed
4v4 RM · 2mo ago on Sep 11, 2026· 45m 57s· 8 players
Game mode
Random Map
Map size
Large (8 player)
Population
200
Speed
Normal
Resources
Standard
Victory
Conquest
Starting age
Dark Age
Ending age
Imperial Age
RankedLock teamsTeams togetherTeam positionsShared explorationLock speedFull tech treeHidden civsTurbo modeCheats
Victory
Defeat
🇲🇽 Cumans · Mexico
1174
+14
🇺🇸 Byzantines · United States
1101
+17
🇵🇪 Bohemians · Peru
1099
+17
🇦🇷 Khmer · Argentina
1079
+18
vs
🇺🇸 Persians · United States
1146
-17
🇨🇳 Celts · China
1125
-17
🇨🇳 Teutons · China
1123
-16
1103
-16
五岁的单机的回忆
11:11 Feudal Age
14:53 Castle Age
13:16 Double-Bit Axe
15:56 Loom
19:00 Bow Saw
24:55 Imperial Age
24:02 Gold Mining
34:19 Two-Man Saw
35:54 Padded Archer Armor
38:21 Husbandry
38:31 Bloodlines
40:11 Scale Barding Armor
40:16 Forging
41:18 Heavy Camel Rider
42:30 Chain Barding Armor
42:45 Iron Casting
44:38 Parthian Tactics
44:53 Plate Barding Armor
44:26 Horse Collar
zack
10:27 Feudal Age
10:36 Loom
12:38 Horse Collar
15:53 Double-Bit Axe
20:48 Castle Age
20:12 Stone Mining
29:32 Fletching
野象
3:04 Loom
10:42 Feudal Age
11:10 Horse Collar
14:42 Castle Age
13:11 Double-Bit Axe
13:08 Horse Collar
22:05 Heavy Plow
25:26 Bow Saw
27:04 Town Watch
29:12 Gold Mining
29:24 Pikeman
33:53 Stone Mining
38:29 Gold Shaft Mining
38:30 Stone Shaft Mining
43:11 Imperial Age
41:19 Wheelbarrow
41:23 Gold Shaft Mining
leedog64
7:54 Loom
9:50 Feudal Age
Dorek xD
10:36 Feudal Age
11:32 Man-at-Arms
12:46 Double-Bit Axe
21:32 Horse Collar
26:53 Castle Age
26:09 Wheelbarrow
26:59 Pikeman
28:06 Forging
28:22 Hand Cart
34:06 Gold Mining
35:46 Fletching
36:40 Padded Archer Armor
38:03 Bodkin Arrow
40:26 Leather Archer Armor
42:31 Thumb Ring
45:48 Gold Shaft Mining
45:35 Ballistics
Mr Cepesito
4:09 Loom
11:06 Feudal Age
12:18 Double-Bit Axe
12:16 Horse Collar
16:28 Castle Age
15:32 Fletching
15:43 Padded Archer Armor
17:34 Wheelbarrow
17:50 Bow Saw
17:42 Heavy Plow
20:54 Chemistry
19:38 Treadmill Crane
22:41 Ballistics
24:13 Bodkin Arrow
27:19 Leather Archer Armor
31:12 Hand Cart
30:43 Town Watch
31:35 Wagenburg Tactics
31:39 Elite Skirmisher
44:16 Imperial Age
43:06 Town Patrol
44:31 Houfnice
Euron
5:01 Loom
10:22 Feudal Age
14:16 Castle Age
12:34 Double-Bit Axe
13:13 Gold Mining
16:26 Scale Barding Armor
17:37 Forging
20:15 Bloodlines
24:11 Bow Saw
26:23 Fletching
26:35 Padded Archer Armor
26:32 Town Watch
27:25 Wheelbarrow
27:30 Gold Shaft Mining
29:06 Bodkin Arrow
29:27 Leather Archer Armor
28:58 Crossbowman
35:38 Ballistics
37:45 Chain Barding Armor
43:23 Husbandry
45:15 Iron Casting
Harry Balsagna
8:50 Loom
10:35 Feudal Age
15:41 Castle Age
13:57 Fletching
16:12 Double-Bit Axe
31:45 Horse Collar
32:20 Bow Saw
35:56 Wheelbarrow
38:11 Scale Barding Armor
38:09 Padded Archer Armor
38:23 Forging
38:52 Elite Skirmisher
39:54 Chain Barding Armor
41:10 Iron Casting
42:21 Hand Cart
42:24 Bodkin Arrow
42:43 Heavy Plow
42:36 Gold Mining
43:09 Thumb Ring
43:21 Padded Archer Armor
47:14 Imperial Age
45:02 Stone Mining
46:23 Leather Archer Armor
Connection lost

Rejoining the realm…

Still unreachable

The connection could not be restored.

Session expired

The server has moved on; the page needs a fresh start.